 Dungeon Crawl Stone Soup version 0.29-a0-472-ge5599a681e (webtiles) character file.

Game seed: 5528504908186117592

95 dolemite99 the Poker (level 4, -3/33 HPs)
             Began as a Merfolk Gladiator on May 23, 2022.
             Slain by Grinder (6 damage)
             ... on level 3 of the Dungeon.
             The game lasted 00:02:58 (2972 turns).

dolemite99 the Poker (Merfolk Gladiator)            Turns: 2972, Time: 00:02:59

Health: -3/33      AC:  4    Str: 16    XL:     4   Next: 66%
Magic:  4/4        EV: 13    Int:  7    God:
Gold:   171        SH:  0    Dex: 15    Spells: 3/3 levels left

rFire   . . .      SeeInvis .   a - +0 trident
rCold   . . .      Faith    .   (no shield)
rNeg    . . .      Spirit   .   b - +0 leather armour
rPois   .          Reflect  .   c - +0 helmet
rElec   .          Harm     .   (no cloak)
rCorr   .          Rampage  .   (no gloves)
Will    .....                   (no boots)
Stlth   +.........              (no amulet)
HPRegen 0.11/turn               (no ring)
MPRegen 0.09/turn               (no ring)

@: mighty, about to teleport, flying
A: (nimble swimmer 2), mertail
a: no special abilities


You were on level 3 of the Dungeon.
You visited 1 branch of the dungeon, and saw 3 of its levels.

You collected 171 gold pieces.

Inventory:

Hand Weapons
 a - a +0 trident (weapon)
Missiles
 d - 3 throwing nets (quivered)
 e - a javelin
Armour
 b - a +0 leather armour (worn)
 c - a +0 helmet (worn)
Scrolls
 g - 2 scrolls of fear
 j - a scroll of identify {@r1}
Potions
 f - a potion of curing {unknown}
 h - a potion of might
 l - a potion of magic {unknown}


   Skills:
 - Level 2.1 Fighting
 + Level 7.0 Polearms
 - Level 2.0 Throwing
 - Level 4.0 Dodging


You had 3 spell levels left.
You didn't know any spells.
Your spell library contained the following spells:

 Spells                   Type           Power      Damage    Failure   Level
 Beastly Appendage        Tmut           0%         N/A       50%         1
 Wereblood                Tmut           0%         N/A       65%         2
 Spider Form              Tmut/Pois      0%         N/A       86%         3


Dungeon Overview and Level Annotations

Branches:
Dungeon (3/15)

Altars:

Shops:
D:1 (

Annotations:
D:3 Grinder


Innate Abilities, Weirdness & Mutations

((You are very nimble when in or above water. (Stealth+, EV+, Speed+++)))
Your lower body shifts to a powerful aquatic tail in water.


Message History

You hit the orc.
You kill the orc!
The jackal barely misses you.
An orc comes into view. It is wielding a +1 vampiric dagger.
The orc closely misses you.
Your Polearms skill increases to level 7!
You hit the orc.
The orc is lightly wounded.
The jackal closely misses you. The jackal barely misses you.
The orc hits you from afar with a +0 trident.
Grinder blinks!
The orc hits you with a +0 short sword.
You puncture the orc!
You kill the orc!
The jackal misses you.
You closely miss the jackal. The orc barely misses you. The jackal misses you.
You closely miss Grinder. The jackal misses you. Grinder hits you!
You writhe in agony.
The orc barely misses you. The jackal bites you.
You are too injured to fight recklessly!
You are too injured to fight recklessly!
You are too injured to fight recklessly!
You are too injured to fight recklessly!
You are too injured to fight recklessly!
You are too injured to fight recklessly!
You are too injured to fight recklessly!
You are too injured to fight recklessly!
As you read the scroll labelled YMOASS FESK, it crumbles to dust.
You feel strangely unstable.
It was a scroll of teleportation.
Grinder barely misses you. The orc barely misses you.
The jackal bites you but does no damage.
It was a potion of flight.
You feel very buoyant.
You fly up into the air.
Grinder hits you!
* * * LOW HITPOINT WARNING * * *
You writhe in agony.
* * * LOW HITPOINT WARNING * * *
The jackal completely misses you. The orc closely misses you.
It was a potion of might.
You feel very mighty all of a sudden. The jackal misses you. Grinder hits you.
You die...

#.# #.# .# ## ##.# .#
.#.#.# .# # #.##.# ##'##
#.##.##.# ##...##
#.......# ##.oo..##
####.##.## ##..o)...##
.#.......####..5@†....#
............'....h....'.
.#.......####.........##
.#.#.#...# ##.......##
.#.#.#.#.# ##.....##
.#.#.#.#.# ##...##
##.#.#.#.# ##'##
#.....#.# .# #.. . ..# #


You could see Grinder, 3 orcs and a jackal.

Vanquished Creatures
  2 adders
  A worm (D:2)
  3 dart slugs
  3 orcs (D:3)
  4 endoplasms
  11 hobgoblins
  A jackal (D:3)
  4 kobolds
  6 quokkas
  6 ball pythons (D:1)
  5 bats
  3 frilled lizards
  5 goblins
  5 rats
59 creatures vanquished.

Notes
Turn   | Place    | Note
-------+----------+-------------------------------------------
     0 | D:1      | dolemite99 the Merfolk Gladiator began the quest for the
                  | Orb.
     0 | D:1      | Reached XP level 1. HP: 16/16 MP: 1/1
   500 | D:1      | Reached XP level 2. HP: 16/22 MP: 2/2
   523 | D:1      | Reached skill level 5 in Polearms
   742 | D:1      | Reached XP level 3. HP: 24/27 MP: 3/3
   939 | D:1      | Found Onarug's Antique Weapon Boutique.
  1339 | D:2      | Reached skill level 6 in Polearms
  1971 | D:2      | Reached XP level 4. HP: 32/33 MP: 4/4
  2957 | D:3      | Noticed Grinder
  2966 | D:3      | Reached skill level 7 in Polearms
  2972 | D:3      | Slain by Grinder

Illustrated notes

Levels and vault maps discovered:
D:1:      dpeg_cavernosity, layout_basic, serial_shops, shop
D:2:      layout_basic
D:3:      layout_loops_corners, mainiacjoe_overflow_alcove_1, uniq_grinder

Skill      XL: |  1  2  3  4 |
---------------+-------------+-----
Polearms       | 5 6 7 |  7.0
Fighting       | |  2.1
Throwing       | |  2.0
Dodging        | |  4.0

Action                   |  1- 3 |  4- 6 || total
-------------------------+-------+-------++-------
Melee: Trident           |   117 |    58 ||   175
       Punch             |     1 |       ||     1
  Use: Scroll            |     1 |     2 ||     3
       Potion            |       |     2 ||     2
 Stab: Sleeping          |     5 |       ||     5
Armor: Leather armour    |    25 |    14 ||    39
Dodge: Dodged            |    54 |    69 ||   123

Table legend: (Time is in decaauts)
 A = Elapsed time spent in this place.
 B = Non-inter-level travel time spent in this place.
 C = Inter-level travel time spent in this place.
 D = Time resting spent in this place.
 E = Time spent auto-exploring this place.
 F = Levels seen in this place.
 G = Mean time per level.
                   A        B        C        D        E       F      G
               +--------+--------+--------+--------+--------+-----+--------+
         Total |   2968 |   2875 |     93 |    331 |   2092 |   3 |  989.3 |
       Dungeon |   2968 |   2875 |     93 |    331 |   2092 |   3 |  989.3 |
               +--------+--------+--------+--------+--------+-----+--------+

Top non-repeatable levels by time:
     D:2: 1363 daAuts
     D:1: 1287 daAuts
     D:3: 317 daAuts
